 Dungeon Crawl Stone Soup version 0.25.0-9-g26727b657a (console) character file.

Game seed: 5235503761514413077

1363 bli the Blocker (level 8, -3/64 HPs)
             Began as a Formicid Fighter on June 20, 2020.
             Was a Follower of the Shining One.
             Killed from afar by a gargoyle (21 damage)
             ... with a stone arrow
             ... on level 6 of the Dungeon.
             The game lasted 00:29:13 (6141 turns).

bli the Blocker (Formicid Fighter)                  Turns: 6141, Time: 00:29:15

Health: -3/64      AC: 10    Str: 22      XL:     8   Next: 96%
Magic:  8/8        EV: 10    Int:  6 (8)  God:    the Shining One [*.....]
Gold:   218        SH: 17    Dex: 16 (17) Spells: 7/7 levels left

rFire    + . .     SeeInvis +   a - +0 trident
rCold    . . .     Gourm    .   n - +0 tower shield
rNeg     . . .     Faith    .   q - +0 ring mail
rPois    .         Spirit   .   (helmet unavailable)
rElec    .         Reflect  .   H - +0 cloak
rCorr    .         Harm     .   v - +0 pair of gloves
MR       .....                  x - +1 pair of boots
Stlth    +.........             (no amulet)
HPRegen  0.20/turn              k - +6 ring of dexterity
MPRegen  0.11/turn              E - ring of protection from fire

@: mighty, glowing
A: permanent stasis, dig shafts and tunnels, four strong arms, antennae 3
a: Dig, Shaft Self, Renounce Religion


You were on level 6 of the Dungeon.
You worshipped the Shining One.
The Shining One was aware of your devotion.
You were not hungry.

You visited 1 branch of the dungeon, and saw 6 of its levels.

You collected 218 gold pieces.

Inventory:

Hand Weapons
 a - a +0 trident (weapon)
 b - a +1 spear of venom
 y - a +0 hunting sling
 O - a +3 antimagic battleaxe
Missiles
 l - 138 stones (quivered)
 z - 12 poisoned darts
Armour
 c - a +0 kite shield
 g - a +0 chain mail
 n - a +0 tower shield (worn)
 q - a +0 ring mail (worn)
 r - a +0 pair of boots
 v - a +0 pair of gloves (worn)
 x - a +1 pair of boots (worn)
 H - a +0 cloak (worn)
 N - a +0 scale mail
Jewellery
 k - a +6 ring of dexterity (left hand)
 C - an uncursed ring of fire
 E - a ring of protection from fire (right hand)
Wands
 F - a wand of iceblast (7)
Scrolls
 e - 3 scrolls of remove curse
 j - 6 scrolls of teleportation
 m - a scroll of identify
 p - 7 scrolls of amnesia
 s - a scroll of enchant weapon {unknown}
 A - a scroll of blinking {unknown}
 B - a scroll of fear {unknown}
 G - a scroll of silence {unknown}
 I - 2 scrolls of random uselessness {unknown}
 K - a scroll of torment {unknown}
Potions
 h - 2 potions of degeneration
 i - 3 potions of heal wounds
 o - 2 potions of brilliance
 t - a potion of curing
 u - a potion of cancellation
 w - 4 potions of stabbing
 D - 2 potions of haste
 J - a potion of resistance
 M - a potion of lignification {unknown}
Comestibles
 f - 6 rations
 L - 2 chunks of flesh


   Skills:
 * Level 5.8 Fighting
 + Level 5.4 Polearms
 + Level 5.1 Armour
 + Level 2.3 Dodging
 * Level 8.2 Shields


You had 7 spell levels left.
You didn't know any spells.
Your spell library contained the following spells:

 Spells                   Type           Power        Failure   Level  Hunger
 Foxfire                  Conj/Fire      #...         98%         1    ##.....
 Conjure Flame            Conj/Fire      #.......     100%        3    ####...
 Inner Flame              Hex/Fire       #.......     100%        3    ####...
 Sticky Flame             Conj/Fire      #.......     100%        4    #####..
 Fireball                 Conj/Fire      #.........   100%        5    ######.


Dungeon Overview and Level Annotations

Branches:
Dungeon (6/15)             Temple (0/1) D:6

Altars:
Cheibriados
Gozag
Makhleb
Okawaru
Qazlal
Ru
Vehumet
Wu Jian
The Shining One


Innate Abilities, Weirdness & Mutations

You cannot be hasted, slowed, berserked, paralysed or teleported.
You can dig through walls and to a lower floor.
Your four strong arms can wield two-handed weapons with a shield.
You have a pair of large antennae on your head. (SInv)


Message History

The stone arrow misses you.
The gargoyle hurls a stone arrow at you.
You block the stone arrow.
You hit the gargoyle but do no damage.
The gargoyle is lightly damaged.
The gargoyle hits you with a +0 mace!!
* * * LOW HITPOINT WARNING * * *
You completely miss the gargoyle.
The gargoyle is lightly damaged.
You feel much better.
The gargoyle hurls a stone arrow at you.
You block the stone arrow.
You puncture the gargoyle!
The gargoyle is heavily damaged.
The gargoyle hurls a stone arrow at you.
The stone arrow hits you!!
* * * LOW HITPOINT WARNING * * *
The gargoyle hurls a stone arrow at you.
The stone arrow hits you!!
You die...

#..#.....#.....# #.##.#.# #.
#..#.....#.....# { #.##.#.# #.
#.)####################.##.#.# #.
#..(....................##.#.# #.
#.).)..........)........##.#.# #.
#.)####################.##.#.###.
#..#.....#.....#..... #..........
#..#.....#..[..#......#.##.#.##..
#..#..#..#..#†.#..###'#.##.#.##..
#..#..#..#..#..#..# #.##.#.##..
#.....#.....#..)@9# #.##.#.##..
#.....#.....#.....# #..........
#######################.##.#.##..
#.................[....##.#.##..
#...###..###.#..#####..##.#.##..
#...###..###.#..# #..##.#.##..
##...##..........### #..##.#.##..
...................###..##.#.##..
##...##...##..#............#.##..
.....##.................##.####..
.#............#...########## #..


You could see a gargoyle.

Vanquished Creatures
  An orc warrior (D:6)
  An ogre (D:6)
  4 centaurs
  A bullfrog (D:6)
  3 scorpions
  A crimson imp (D:6)
  A centaur skeleton (D:5)
  2 hounds (D:6)
  2 orc priests
  An iguana (D:4)
  5 orc wizards
  3 worker ants
  A hound skeleton (D:2)
  2 worker ant zombies (D:6)
  A gnoll (D:6)
  8 adders
  2 oozes
  An adder zombie (D:6)
  An adder skeleton (D:6)
  5 worms
  3 dart slugs
  2 leopard geckos
  15 orcs
  10 bats
  4 giant cockroaches
  7 goblins
  5 hobgoblins
  7 jackals
  A quokka (D:3)
  A ball python (D:3)
  6 frilled lizards
  5 kobolds
  A quokka skeleton (D:5)
  A quokka zombie (D:6)
  11 rats
125 creatures vanquished.

Notes
Turn   | Place    | Note
-------+----------+-------------------------------------------
     0 | D:1      | bli the Formicid Fighter began the quest for the Orb.
     0 | D:1      | Reached XP level 1. HP: 18/18 MP: 1/1
    92 | D:1      | Reached XP level 2. HP: 24/24 MP: 2/2
   397 | D:1      | Reached XP level 3. HP: 30/30 MP: 3/3
   409 | D:1      | Reached skill level 4 in Shields
  1368 | D:2      | Reached XP level 4. HP: 37/37 MP: 4/4
  2068 | D:3      | Reached XP level 5. HP: 40/42 MP: 5/5
  2319 | D:3      | Reached skill level 5 in Shields
  2567 | D:3      | Reached XP level 6. HP: 48/48 MP: 6/6
  2670 | D:3      | You fall into a shaft and drop 1 floor!
  2670 | D:4      | Found a stormy altar of Qazlal.
  2812 | D:4      | Reached skill level 1 in Dodging
  2979 | D:3      | Found a radiant altar of Vehumet.
  3074 | D:3      | Found an iron altar of Okawaru.
  3074 | D:3      | Found a burning altar of Makhleb.
  3754 | D:5      | Entered Level 5 of the Dungeon
  3776 | D:5      | Reached XP level 7. HP: 49/55 MP: 7/7
  3805 | D:5      | Reached skill level 6 in Shields
  4276 | D:5      | Found a glowing golden altar of the Shining One.
  4284 | D:5      | Became a worshipper of the Shining One
  4322 | D:5      | Found a sacrificial altar of Ru.
  4323 | D:5      | Found a snail-covered altar of Cheibriados.
  4323 | D:5      | Found an opulent altar of Gozag.
  4954 | D:6      | Found a staircase to the Ecumenical Temple.
  5017 | D:6      | Reached XP level 8. HP: 54/61 MP: 8/8
  5039 | D:6      | Reached skill level 7 in Shields
  5102 | D:6      | Reached skill level 5 in Fighting
  5181 | D:6      | Found an ornate altar of the Wu Jian Council.
  5520 | D:6      | Noticed a gargoyle
  5529 | D:6      | Reached * piety under the Shining One
  5545 | D:6      | Reached skill level 5 in Polearms
  5559 | D:6      | Reached skill level 5 in Armour
  6106 | D:6      | Reached skill level 8 in Shields
  6141 | D:6      | Killed from afar by a gargoyle

Illustrated notes

Levels and vault maps discovered:
D:1:      heliophobic_arrival_battle_scene, layout_loops_cross,
          minmay_tetromino_s4
D:2:      layout_basic, first_ration, chequers_serial_rivers_small_3
D:3:      layout_basic, vehumet_crystals, amethyst_overflow_temple_binary
D:4:      layout_gridville, nicolae_qazlal_general_emergency,
          nicolae_underground_beach
D:5:      layout_loops_cross, chequers_temple_overflow_statue_of_worship,
          nicolae_tso_carved_into_rock
D:6:      kennysheep_windowed_halls, layout_basic,
          nicolae_overflow_hidden_temple, minmay_temple_entry_mist

Skill      XL: |  1  2  3  4  5  6  7  8 |
---------------+-------------------------+-----
Shields        | 4 5 6 8 |  8.2
Armour         | 4 5 |  5.1
Fighting       | 4 5 |  5.8
Polearms       | 3 4 5 |  5.4
Dodging        | 1 2 |  2.3

Action                   |  1- 3 |  4- 6 |  7- 9 || total
-------------------------+-------+-------+-------++-------
Melee: Trident           |    92 |   258 |   173 ||   523
       Spear             |    31 |       |    32 ||    63
Throw: Stone             |     1 |    12 |     8 ||    21
 Abil: Dig               |     1 |       |     1 ||     2
  Use: Scroll            |     2 |     1 |     7 ||    10
       Potion            |       |       |     6 ||     6
  Eat: Chunk             |     2 |     7 |     3 ||    12
       Ration            |       |       |     2 ||     2
Armor: Scale mail        |    24 |     1 |       ||    25
       Ring mail         |       |    73 |    45 ||   118
Dodge: Dodged            |    27 |    76 |    40 ||   143
Block: Kite shield       |    45 |   113 |       ||   158
       Tower shield      |       |     8 |   146 ||   154
